 Dungeon Crawl Stone Soup version 0.22-a0-283-g1871b15 (webtiles) character file.

110 Amnesiac the Gusty (level 4, 0/24 HPs)
             Began as a Tengu Air Elementalist on Mar 20, 2018.
             Slain by a centaur skeleton (7 damage)
             ... on level 4 of the Dungeon.
             The game lasted 00:03:26 (3104 turns).

Amnesiac the Gusty (Tengu Air Elementalist)         Turns: 3104, Time: 00:03:27

Health: 0/24       AC:  2    Str:  8    XL:     4   Next: 91%
Magic:  1/9        EV: 12    Int: 16    God:
Gold:   107        SH:  4    Dex: 15    Spells: 1/8 levels left

rFire    . . .     SeeInvis .   (no weapon)
rCold    . . .     Gourm    .   e - +0 buckler
rNeg     . . .     Faith    .   a - +0 robe
rPois    .         Spirit   .   (helmet restricted)
rElec    .         Reflect  .   (no cloak)
rCorr    .         Harm     .   (no gloves)
MR       .....                  (boots unavailable)
Stlth    ++........             (no amulet)
HPRegen  0.08/turn              (no ring)
MPRegen  0.11/turn              (no ring)

@: very slightly contaminated
A: beak, talons 3
a: no special abilities


You were on level 4 of the Dungeon.
You were very hungry.

You visited 1 branch of the dungeon, and saw 4 of its levels.

You collected 107 gold pieces.

Inventory:

Armour
 a - a +0 robe (worn)
 e - a +0 buckler (worn)
Jewellery
 p - an uncursed amulet of the acrobat {unknown}
 r - a cursed amulet of inaccuracy {unknown}
Wands
 q - a wand of acid (9)
Scrolls
 b - 4 scrolls of teleportation {!r, unknown}
 d - a scroll of enchant armour {!r, unknown}
 h - a scroll of random uselessness {!r, unknown}
 j - 3 scrolls of noise {!r, unknown}
 l - a scroll of amnesia {!r}
 m - a scroll of immolation {!r, unknown}
 n - a scroll of enchant weapon {!r, unknown}
 o - 5 scrolls of remove curse {!r}
Potions
 f - a potion of heal wounds {!q}
 g - a potion of curing {!q}
 i - a potion of invisibility {!q}
 k - a potion of might {!q}
Comestibles
 c - 5 rations


   Skills:
 - Level 2.1 Dodging
 - Level 2.0 Stealth
 + Level 1.5 Shields
 + Level 2.9 Spellcasting
 - Level 1.3 Conjurations
 * Level 6.0 Air Magic


You had one spell level left.
You knew the following spells:

 Your Spells              Type           Power        Failure   Level  Hunger
a - Shock                 Conj/Air       ##..         5%          1    #......
c - Swiftness             Chrm/Air       ##......     11%         2    ##.....
d - Airstrike             Air            ###.......   22%         4    #####..


Dungeon Overview and Level Annotations

Branches:
Dungeon (4/15)
 Temple: D:4-7

Altars:
Ashenzari


Innate Abilities, Weirdness & Mutations

You have a beak for a mouth.
You have claws for feet.


Message History

Confirm with . or Enter, or press ? or * to list all spells.
Aiming: Shock (safe; 6% risk of failure)
Press: ? - help, Shift-Dir - straight line, f - jackal skeleton
Aim: a jackal skeleton (moderately damaged)
The zap hits the jackal skeleton.
You destroy the jackal skeleton!
Your Air Magic skill increases to level 6!
The zap hits the centaur skeleton.
The centaur skeleton is lightly damaged.
The zap hits the ball python.
You kill the ball python!
The zap hits the howler monkey skeleton.
The howler monkey skeleton is lightly damaged.
A sky beast appears from thin air!
Reactivating autopickup.
The centaur skeleton misses you.
You hit the centaur skeleton. You claw the centaur skeleton.
The centaur skeleton is heavily damaged.
The sky beast flickers out of sight!
Deactivating autopickup; reactivate with Ctrl-A.
The centaur skeleton misses you. The centaur skeleton misses you.
You block the centaur skeleton's attack.
A sky beast appears from thin air!
Reactivating autopickup.
The centaur skeleton closely misses you.
The centaur skeleton hits you. The centaur skeleton hits you.
The centaur skeleton hits you.
* * * LOW HITPOINT WARNING * * *
The centaur skeleton hits you.
* * * LOW HITPOINT WARNING * * *
Casting: Shock (safe; 5% risk of failure)
Confirm with . or Enter, or press ? or * to list all spells.
Aiming: Airstrike (slightly dangerous; 22% risk of failure)
Press: ? - help, Dir - move target cursor, f - sky beast
Aim: a sky beast (almost dead)
You miscast Airstrike.
You are very lightly contaminated with residual magic.
You are under the weather.
The centaur skeleton hits you.
* * * LOW HITPOINT WARNING * * *
Really quaff
g - 3 potions of curing {!q}?
You feel better.
You block the centaur skeleton's attack.
Really quaff
g - 2 potions of curing {!q}?
You feel better. The centaur skeleton hits you. x2
You hit the centaur skeleton. You peck the centaur skeleton.
The centaur skeleton is heavily damaged.
You block the centaur skeleton's attack.
You hit the centaur skeleton.
The centaur skeleton is severely damaged.
The centaur skeleton barely misses you.
You hit the centaur skeleton.
You claw the centaur skeleton, but do no damage.
You peck the centaur skeleton.
The centaur skeleton is almost destroyed.
The centaur skeleton hits you.
* * * LOW HITPOINT WARNING * * *
The centaur skeleton barely misses you.
You hit the centaur skeleton but do no damage.
You claw the centaur skeleton, but do no damage.
The centaur skeleton is almost destroyed.
The centaur skeleton hits you!
You die...

..# #.# #.# .#
#.# .§§ ##.#
§§#### ##S.#
§§§# ##.#.##
#§######§###.#
#@Z§YZ≈§.§#.##
##########§##
#.# #.#
#Z#######
#........
##..♣...♣
##.......
#.♣...<..


You could see a sky beast, a centaur skeleton and a howler monkey skeleton.

Vanquished Creatures
  5 adders (D:3)
  2 oozes
  A worm (D:3)
  2 dart slugs (D:1)
  A leopard gecko (D:1)
  2 ball pythons
  2 giant cockroaches
  4 goblins
  7 hobgoblins
  2 jackals (D:1)
  9 kobolds
  A quokka (D:2)
  2 bats (D:3)
  6 frilled lizards
  A jackal skeleton (D:4)
  5 rats
52 creatures vanquished.

Notes
Turn   | Place    | Note
-------+----------+-------------------------------------------
     0 | D:1      | Amnesiac the Tengu Air Elementalist began the quest for the Orb.
     0 | D:1      | Reached XP level 1. HP: 10/10 MP: 4/4
    68 | D:1      | Reached XP level 2. HP: 6/15 MP: 0/6
  1007 | D:2      | Found a shattered altar of Ashenzari.
  1023 | D:2      | Reached skill level 5 in Air Magic
  1023 | D:2      | Reached XP level 3. HP: 19/19 MP: 2/7
  1999 | D:3      | Reached skill level 1 in Shields
  1999 | D:3      | Reached XP level 4. HP: 8/24 MP: 2/8
  3045 | D:3      | Learned a level 4 spell: Airstrike
  3048 | D:3      | Learned a level 2 spell: Swiftness
  3059 | D:4      | Noticed a sky beast
  3088 | D:4      | Reached skill level 6 in Air Magic
  3096 | D:4      | HP: 1/24 [centaur skeleton (6)]
  3104 | D:4      | Slain by a centaur skeleton

Vault maps used:
D:1:      sevenhm_arrival_forest_fort_small_3
D:2:      old_standard_altar
D:3:      minivault_26
D:4:      temple_fountains, first_ration, grunt_ministairs_2,
          yredelemnul_altar_generic, uniq_eustachio

Skill      XL: |  1  2  3  4 |
---------------+-------------+-----
Air Magic      | 5 6 |  6.0
Shields        | 1 |  1.5
Dodging        | |  2.1
Stealth        | |  2.0
Spellcasting   | |  2.9
Conjurations   | |  1.3

Action                   |  1- 3 |  4- 6 || total
-------------------------+-------+-------++-------
Melee: Unarmed           |    13 |     8 ||    21
       Kick              |       |     3 ||     3
       Peck              |       |     2 ||     2
 Cast: Shock             |    70 |    48 ||   118
       Airstrike         |       |     2 ||     2
  Use: Scroll            |       |     5 ||     5
       Potion            |       |     3 ||     3
  Eat: Chunk             |     4 |     3 ||     7
Armor: Robe              |     4 |     3 ||     7
Dodge: Dodged            |    12 |    18 ||    30
Block: Buckler           |       |     8 ||     8

Table legend:
 A = Spawn XP
 B = Non-spawn XP
 C = Spawn XP percentage of total XP
 D = Spawn monster count
 E = Non-spawn monster count
 F = Spawn count percentage of total count
 G = Total turns spent on level
                    A         B        C        D         E        F      G
               +---------+---------+-------+---------+---------+-------+---------
         Total |       0 |     158 |   0.0 |       0 |      52 |   0.0 |  3104
               +---------+---------+-------+---------+---------+-------+---------
           D:1 |       0 |      32 |   0.0 |       0 |      16 |   0.0 |  1000
           D:2 |       0 |      30 |   0.0 |       0 |      15 |   0.0 |   932
           D:3 |       0 |      93 |   0.0 |       0 |      19 |   0.0 |  1127
           D:4 |       0 |       3 |   0.0 |       0 |       2 |   0.0 |    45
               +---------+---------+-------+---------+---------+-------+---------
